 Dungeon Crawl Stone Soup version 0.31.0-12-g77e489cdc1 (webtiles) character file.

Game seed: 6064847641940337800

18 Noglet the Trooper (level 2, -4/27 HPs)
             Began as a Minotaur Berserker on Mar 5, 2024.
             Was a Follower of Trog.
             Slain by Terence
             ... wielding a +0 mace
              (7 damage)
             ... on level 2 of the Dungeon.
             The game lasted 00:05:22 (1032 turns).

Noglet the Trooper (Minotaur Berserker)             Turns: 1032, Time: 00:05:24

Health: -4/27      AC:  2    Str: 21    XL:     2   Next: 51%
Magic:  1/1        EV: 12    Int:  4    God:    Trog [*.....]
Gold:   49         SH:  0    Dex:  9    Spells: 1/1 levels left

rFire   . . .        a - +0 mace
rCold   . . .        (no shield)
rNeg    . . .        b - +0 animal skin
rPois   .            (helmet restricted)
rElec   .            (no cloak)
rCorr   .            (no gloves)
SInv    .            (no boots)
Will    .....        (no amulet)
Stlth   +            (no ring)
HPRegen 0.24/turn    (no ring)
MPRegen 0.07/turn

%: no passive effects
@: no status effects
A: horns 2, retaliatory headbutt
a: Renounce Religion, Berserk


You were on level 2 of the Dungeon.
You worshipped Trog.
Trog was aware of your devotion.
You visited 1 branch of the dungeon, and saw 2 of its levels.

You collected 49 gold pieces.

Inventory:

Hand Weapons
 a - a +0 mace (weapon)
Armour
 b - a +0 animal skin (worn)
Potions
 c - a potion of mutation {unknown}


   Skills:
 + Level 4.1 Fighting
 + Level 4.0 Maces & Flails
 + Level 2.6 Armour
 + Level 2.4 Dodging


You had one spell level left.
You didn't know any spells.
Your spell library was empty.

Dungeon Overview and Level Annotations

Branches:
Dungeon (2/15)

Altars:

Shops:
D:1 ?

Annotations:
D:2 Terence


Innate Abilities, Weirdness & Mutations

You have a pair of horns on your head.
You reflexively headbutt those who attack you in melee.


Message History

You barely miss the ball python.
The ball python is moderately wounded.
The ball python closely misses you. The ball python constricts you.
You hit the ball python.
You kill the ball python!
Trog accepts your kill.
You see here a ball python corpse.
You see here a +0 leather armour.
You see here a +0 leather armour.
You see here a +0 leather armour.
HP restored.
You see here a ball python corpse.
A ribbon worm comes into view.
A ribbon worm is nearby!
A ribbon worm is nearby!
A ribbon worm is nearby!
A ribbon worm is nearby!
A ribbon worm is nearby!
Terence the Incautious comes into view.
He is wielding a +0 mace.
Terence shouts!
The ribbon worm bites you. The ribbon worm barely misses you.
You furiously retaliate!
You headbutt the ribbon worm! You hit the ribbon worm.
You headbutt the ribbon worm, but do no damage.
The ribbon worm is severely wounded.
The ribbon worm bites you.
You thump the ribbon worm!
You kill the ribbon worm!
Trog accepts your kill. Terence hits you with a +0 mace!
Your Maces & Flails skill increases to level 4!
You completely miss Terence. Your headbutt misses Terence.
Terence hits you with a +0 mace!
* * * LOW HITPOINT WARNING * * *
You sock Terence!
Terence is heavily wounded.
Terence hits you with a +0 mace!
You die...
Terence says, "Time to find some more victims."

#..#.....##.#
#..#.........
#..#..##.####
#..#...#.#
#####..#.#
#..#.# ...#.#
########### #.#
#@@...... #.#
#.###########.#
#.............#
#############.#
###


You could see Terence.

Vanquished Creatures
  A ribbon worm (D:2)
  2 endoplasms (D:1)
  A giant cockroach (D:1)
  4 hobgoblins (D:1)
  2 quokkas (D:1)
  2 ball pythons
  A frilled lizard (D:1)
  A rat (D:1)
14 creatures vanquished.

Notes
Turn   | Place    | Note
-------+----------+-------------------------------------------
     0 | D:1      | Noglet the Minotaur Berserker began the quest for the Orb.
     0 | D:1      | Reached XP level 1. HP: 19/19 MP: 0/0
   252 | D:1      | Reached XP level 2. HP: 13/27 MP: 1/1
   376 | D:1      | Found Reufoun's Magic Scroll Shop.
  1027 | D:2      | Noticed Terence
  1032 | D:2      | Slain by Terence

Illustrated notes

Levels and vault maps discovered:
D:1:      spicycebolla_arrival_ecumenical, layout_loops_ring, serial_shops,
          nicolae_shop_temple_entry_statues_fountains
D:2:      layout_basic, basic_altar, serial_bayou, serial_bayou_pond_e,
          serial_bayou_pond_a, serial_bayou_ford_a, serial_bayou_lagoon_a,
          minmay_pentomino_q2, uniq_terence

Skill      XL: |  1  2 |
---------------+-------+-----
Fighting       | 4 |  4.1
Maces & Flails | 4 |  4.0
Armour         | |  2.6
Dodging        | |  2.4

Action                     || total
---------------------------++-------
  Melee: Mace              ||    21
         Headbutt          ||     1
 Invoke: Berserk           ||     2
 Armour: Animal skin       ||    21
  Dodge: Dodged            ||    16
